 Dungeon Crawl Stone Soup version 0.28-a0-1629-gf728b707aa (webtiles) character file.

Game seed: 8380620504472155921

3637 mightbedylan the Bolt Thrower (level 10, -2/54 HPs)
             Began as a Kobold Arcane Marksman on Jan 24, 2022.
             Was an Initiate of Dithmenos.
             Succumbed to a cane toad's poison
             ... on level 7 of the Dungeon on Jan 25, 2022.
             The game lasted 01:32:07 (12491 turns).

mightbedylan the Bolt Thrower (KoAM)               Turns: 12491, Time: 01:32:08

Health: -2/54      AC:  7    Str:  7    XL:     10   Next: 33%
Magic:  18/18      EV: 15    Int: 15    God:    Dithmenos [......]
Gold:   403        SH:  0    Dex: 18    Spells: 13/20 levels left

rFire   + + +      SeeInvis .   m - +3 dagger of the Postmodern Shrikes {vorpal, rF+}
rCold   + . .      Faith    .   (no shield)
rNeg    . . .      Spirit   .   s - +0 robe of Contentment {Slay+3}
rPois   +          Reflect  .   (no helmet)
rElec   +          Harm     .   (no cloak)
rCorr   +          Rampage  .   (no gloves)
Will    .....                   w - +0 pair of boots
Stlth   ++++......              (no amulet)
HPRegen 0.18/turn               l - ring of protection from fire
MPRegen 0.16/turn               r - +4 ring of protection

@: lethally poisoned (-2 -> -24), about to teleport, resistant
A: small, no large weapons, nightstalker 3, clumsy 1, frail 1
a: Renounce Religion


You were on level 7 of the Dungeon.
You worshipped Dithmenos.
Dithmenos was noncommittal.
You visited 3 branches of the dungeon, and saw 12 of its levels.

You collected 403 gold pieces.

Inventory:

Hand Weapons
 a - a +0 hand crossbow
 b - a +2 dagger of venom
 k - a +0 dagger
 m - the +3 dagger of the Postmodern Shrikes (weapon) {vorpal, rF+}
   (You found it on level 7 of the Dungeon)

   It inflicts extra damage upon your enemies.
   rF:        It protects you from fire.
 q - a +3 dagger of pain
Missiles
 c - 62 bolts
 n - 9 datura-tipped darts (quivered)
Armour
 d - a +1 robe
 e - a +1 ring mail of willpower
 s - the +0 robe of Contentment (worn) {Slay+3}
   (You found it on level 4 of the Dungeon)

   Slay:      It affects your accuracy & damage with ranged weapons and melee
   (+3).
 w - a +0 pair of boots (worn)
 A - a +0 pair of gloves
Jewellery
 l - a ring of protection from fire (left hand)
 r - a +4 ring of protection (right hand)
Wands
 p - a wand of iceblast (2)
 u - a wand of acid (6)
Scrolls
 f - 5 scrolls of amnesia
 j - 6 scrolls of identify
 x - a scroll of enchant weapon {unknown}
 y - a scroll of torment {unknown}
Potions
 h - a potion of ambrosia
 t - a potion of magic
 z - a potion of curing


   Skills:
 - Level 5.6 Fighting
 - Level 6.3 Short Blades
 + Level 7.6 Crossbows
 - Level 2.4 Dodging
 + Level 4.4 Stealth
 + Level 5.9 Spellcasting
 + Level 6.7 Hexes
 + Level 5.4 Fire Magic


You had 13 spell levels left.
You knew the following spells:

 Your Spells              Type           Power      Damage    Failure   Level
a - Slow                  Hex            96%        N/A       1%          1
b - Tukima's Dance        Hex            24%        N/A       2%          3
c - Inner Flame           Hex/Fire       22%        N/A       3%          3

Your spell library contained the following spells:

 Spells                   Type           Power      Damage    Failure   Level
 Cause Fear               Hex            12%        N/A       9%          4
 Portal Projectile        Hex/Tloc       28%        N/A       11%         3
 Conjure Flame            Conj/Fire      12%        6-21      14%         3
 Ignite Poison            Fire/Tmut/Pois 9%         N/A       22%         3
 Anguish                  Hex/Necr       7%         N/A       36%         4
 Gell's Gravitas          Tloc           4%         N/A       41%         3
 Teleport Other           Tloc           4%         N/A       41%         3
 Sticky Flame             Conj/Fire      12%        2d4       43%         4
 Dispersal                Tloc           2%         N/A       100%        6
 Enfeeble                 Hex            12%        N/A       100%        7


Dungeon Overview and Level Annotations

Branches:
Dungeon (9/15)             Temple (1/1) D:6            Lair (2/6) D:8
  Swamp: Lair:2-4    Shoals: Lair:2-4     Snake: Lair:2-4    Spider: Lair:2-4
    Orc: D:9-12

Altars:
Ashenzari
Cheibriados
Dithmenos
Gozag
Hepliaklqana
Kikubaaqudgha
Makhleb
Okawaru
Qazlal
Ru
Sif Muna
Trog
Uskayaw
Vehumet
Xom
Yredelemnul
Zin

Shops:
D:1 *[=((   D:4 [   D:6 (


Innate Abilities, Weirdness & Mutations

You are small and have problems with some larger weapons.
You are completely attuned to the shadows.
You are clumsy. (Dex -2)
You are frail. (-10% HP)


Message History

You climb upwards.
There is a stone staircase leading down here.
You hit the orc warrior but do no damage.
The orc warrior is lightly wounded.
The orc warrior hits you but does no damage.
You hit the orc warrior.
The orc warrior is moderately wounded.
The orc warrior closely misses you.
You closely miss the orc warrior.
The orc warrior is moderately wounded.
You hit the orc warrior but do no damage.
The orc warrior is moderately wounded.
The orc warrior hits you.
You completely miss the orc warrior.
The orc warrior is moderately wounded.
The orc warrior closely misses you.
You hit the orc warrior but do no damage.
The orc warrior is moderately wounded.
You hit the orc warrior.
The orc warrior is moderately wounded.
The orc warrior misses you.
You hit the orc warrior but do no damage.
The orc warrior is moderately wounded.
The orc warrior closely misses you.
You hit the orc warrior but do no damage.
The orc warrior is moderately wounded.
The orc warrior hits you but does no damage.
The cane toad gives a loud, deep croak!
The cane toad barely misses you.
There is an escape hatch in the ceiling here.
The cane toad barely misses you. The orc warrior closely misses you.
A mysterious force pulls you upwards. The hatch slams shut behind you.
The cane toad stings you.
As you read the scroll of teleportation, it crumbles to dust.
You feel strangely unstable. The cane toad stings you!
* * * LOW HITPOINT WARNING * * *
You are lethally poisoned!
The cane toad poisons you! The orc warrior hits you!
* * * LOW HITPOINT WARNING * * *
You die...

....##.......#........#
######.......#........#
.....#.......#........#
.....#.......#........#
.....'.......#........#
'#####.......#........#
....##.......#...F....#
....#........#....o...#
....#........#..@.....#
....#........#........#
....#........#........#
....#........#........#
....#>.......#........#
##############........#
##########


You could see a cane toad and an orc warrior.

Vanquished Creatures
  A shadow (D:7)
  2 wyverns (D:8)
  3 water moccasins
  5 orc warriors
  An ice beast (D:5)
  A sky beast (D:7)
  A black bear (D:8)
  3 centaurs
  An ogre (D:5)
  A phantom (D:4)
  2 bullfrogs
  2 scorpions
  5 wights (D:6)
  2 howler monkeys (D:7)
  A bullfrog zombie (D:6)
  4 jellies
  A centaur zombie (D:5)
  5 hounds
  2 orc priests
  A bullfrog skeleton (D:5)
  A centaur skeleton (D:7)
  Jessica (D:3)
  Natasha (thrice) (D:3)
  2 iguanas
  10 orc wizards
  9 gnolls
  A howler monkey zombie (D:7)
  4 adders
  A white imp (D:5)
  3 ufetubi
  2 dart slugs (D:4)
  26 orcs
  5 endoplasms
  4 giant cockroaches
  10 goblins
  3 hobgoblins
  3 quokkas (D:1)
  5 ball pythons
  A bat (D:1)
  3 kobolds
141 creatures vanquished.

Vanquished Creatures (collateral kills)
  An orc warrior (D:7)
  An orc priest (D:5)
  A gnoll (D:5)
  8 orcs
11 creatures vanquished.

Vanquished Creatures (others)
  7 dancing weapons
  2 hounds (D:5)
  An orc wizard (D:9)
  5 fungi
  2 plants
  4 toadstools (D:1)
21 creatures vanquished.

Grand Total: 173 creatures vanquished

Notes
Turn   | Place    | Note
-------+----------+-------------------------------------------
     0 | D:1      | mightbedylan the Kobold Arcane Marksman began the quest for
                  | the Orb.
     0 | D:1      | Reached XP level 1. HP: 12/12 MP: 2/2
    98 | D:1      | Found Kyexo's Weapon Shop.
   200 | D:1      | Reached XP level 2. HP: 16/16 MP: 3/3
   226 | D:1      | Found Diluk's Antique Armour Shoppe.
   269 | D:1      | Found Orchoa Loush's General Store.
   396 | D:1      | Found Sabryoh's Jewellery Shop.
   434 | D:1      | Found Rounum's Antique Weapon Shop.
   544 | D:1      | Found a faded altar of an unknown god.
   866 | D:1      | Reached skill level 1 in Short Blades
  1185 | D:2      | Reached XP level 3. HP: 20/20 MP: 5/5
  2156 | D:3      | Found a shimmering blue altar of Sif Muna.
  2176 | D:3      | Reached skill level 3 in Crossbows
  2176 | D:3      | Reached XP level 4. HP: 23/26 MP: 6/6
  2245 | D:3      | Reached XP level 5. HP: 23/30 MP: 8/8
  2702 | D:3      | You fall into a shaft and drop 3 floors!
  2703 | D:6      | Noticed a centaur
  2741 | D:6      | Noticed an orc warrior
  2783 | D:6      | Reached XP level 6. HP: 34/36 MP: 9/9
  2787 | D:6      | Reached skill level 1 in Fire Magic
  2800 | D:6      | Reached skill level 4 in Crossbows
  2805 | D:6      | Reached XP level 7. HP: 31/41 MP: 9/11
  2838 | D:5      | Entered Level 5 of the Dungeon
  2844 | D:5      | Found an opulent altar of Gozag.
  2871 | D:6      | Found Ula Sei's Hydra Hut.
  3338 | D:6      | Learned a level 3 spell: Tukima's Dance
  3844 | D:5      | Reached XP level 8. HP: 48/48 MP: 13/13
  3948 | D:5      | Reached skill level 5 in Crossbows
  4194 | D:5      | Found a shimmering altar of Xom.
  4335 | D:4      | Found Heigh's Armour Boutique.
  4514 | D:3      | Noticed Jessica
  4520 | D:3      | Killed Jessica
  4656 | D:3      | Noticed Natasha
  4668 | D:3      | Killed Natasha
  4678 | D:3      | Noticed Natasha
  4696 | D:3      | Killed Natasha
  4807 | D:3      | Noticed Natasha
  4823 | D:3      | Killed Natasha
  4924 | D:4      | Reached skill level 5 in Hexes
  4997 | D:4      | Found a burning altar of Makhleb.
  5003 | D:4      | Identified the +0 robe of Contentment {Slay+3}
  5378 | D:4      | Reached skill level 5 in Short Blades
  6077 | D:5      | Reached XP level 9. HP: 19/52 MP: 6/15
  7022 | D:6      | Reached skill level 5 in Fighting
  7116 | D:6      | Reached skill level 6 in Crossbows
  7713 | D:6      | Found a staircase to the Ecumenical Temple.
  7720 | Temple   | Entered the Ecumenical Temple
  7817 | Temple   | Became a worshipper of Dithmenos the Shadowed
  8244 | D:6      | Noticed an eight-headed hydra
  8912 | D:6      | Learned a level 3 spell: Inner Flame
  8947 | D:6      | Found a glowing silver altar of Zin.
  9023 | D:7      | Found a snail-covered altar of Cheibriados.
  9333 | D:7      | Found a sacrificial altar of Ru.
  9351 | D:7      | Identified the +3 dagger of the Postmodern Shrikes {vorpal,
                  | rF+}
 10182 | D:7      | Reached skill level 5 in Spellcasting
 10207 | D:7      | Reached skill level 1 in Stealth
 10739 | D:8      | Reached skill level 7 in Crossbows
 10739 | D:8      | Reached XP level 10. HP: 60/60 MP: 16/18
 11129 | D:8      | Reached skill level 5 in Fire Magic
 11676 | D:8      | Found a staircase to the Lair.
 12056 | Lair:1   | Entered Level 1 of the Lair of Beasts
 12210 | Lair:1   | Noticed a cane toad
 12253 | Lair:2   | Noticed a black mamba
 12449 | D:9      | Gained mutation: You are clumsy. (Dex -2) [potion of
                  | mutation]
 12449 | D:9      | Gained mutation: You are frail. (-10% HP) [potion of
                  | mutation]
 12491 | D:7      | Succumbed to a cane toad's poison

Illustrated notes

Levels and vault maps discovered:
D:1:      ldierk_walled_garden_2, layout_loops_corners,
          shapermc_ecumenical_altar_starsandcircs, serial_shops,
          nicolae_diamond_shop, shop, shop, nicolae_diamond_shop,
          nicolae_shop_behind_doors
D:2:      layout_basic
D:3:      layout_basic, mainiacjoe_overflow_brackets, uniq_natasha, uniq_jessica
D:4:      layout_gridville, lightli_temple_of_fire, serial_shops, shop,
          mrwooster_statue_mirror
D:5:      layout_loops_ring, nicolae_overflow_hidden_temple, xom_confusion_cloud
D:6:      layout_basic, zin_scriptorium, temple_statues, doesnt_shop_hydraphobe
D:7:      layout_gridville, cheibriados_altar_1,
          mainiacjoe_overflow_surrounded_room, grunt_ministairs_7
D:8:      layout_loops_ring, lair_entry_dummy, nrook_mini_backslash
D:9:      layout_irregular_city, mainiacjoe_overflow_large_starburst,
          hiddenorc1_lemuel, serial_column_ruins, column_ruins_circle_medium,
          column_ruins_columns_straight, column_ruins_columns_corner,
          column_ruins_open_small, column_ruins_grid_1,
          column_ruins_columns_straight, column_ruins_columns_straight
Temple:   compressed_dpeg_circular_temple
Lair:1:   layout_misc_corridors, special_room [special_room_bee],
          lemuel_fruit_fields, serial_bayou_shore_a
Lair:2:   layout_hall_layers, basic_altar, grunt_megastairs_3, uniq_maggie

Skill      XL: |  1  2  3  4  5  6  7  8  9 10 |
---------------+-------------------------------+-----
Short Blades   | 1 2 3 4 5 6 |  6.3
Fighting       | 2 3 4 5 |  5.6
Crossbows      | 3 4 5 7 |  7.6
Spellcasting   | 2 3 4 5 |  5.9
Hexes          | 4 5 6 |  6.7
Fire Magic     | 1 2 3 4 5 |  5.4
Stealth        | 2 4 |  4.4
Dodging        | |  2.4

Action                   |  1- 3 |  4- 6 |  7- 9 | 10-12 || total
-------------------------+-------+-------+-------+-------++-------
Melee: Dagger            |       |     6 |   313 |    93 ||   412
       Punch             |       |       |     6 |     5 ||    11
 Fire: Hand crossbow     |    77 |    63 |   135 |     9 ||   284
 Cast: Slow              |     1 |     2 |    19 |     6 ||    28
       Tukima's Dance    |       |       |    22 |    13 ||    35
       Inner Flame       |       |       |     3 |       ||     3
Evoke: Wand              |       |       |     2 |       ||     2
  Use: Scroll            |     6 |     1 |    13 |     4 ||    24
       Potion            |       |     2 |     7 |     4 ||    13
 Stab: Sleeping          |       |       |     2 |     1 ||     3
Armor: Robe              |     2 |     1 |    60 |    30 ||    93
       Skin              |       |    26 |       |       ||    26
       Ring mail         |       |       |    20 |       ||    20
Dodge: Dodged            |    20 |    23 |   203 |    73 ||   319

Table legend: (Time is in decaauts)
 A = Elapsed time spent in this place.
 B = Non-inter-level travel time spent in this place.
 C = Inter-level travel time spent in this place.
 D = Time resting spent in this place.
 E = Time spent auto-exploring this place.
 F = Levels seen in this place.
 G = Mean time per level.
                   A        B        C        D        E       F      G
               +--------+--------+--------+--------+--------+-----+--------+
         Total |  12414 |  11562 |    852 |   2240 |   6036 |  12 | 1034.5 |
       Dungeon |  12058 |  11206 |    852 |   2138 |   6011 |   9 | 1339.8 |
        Temple |    143 |    143 |      0 |      0 |      0 |   1 |  143.0 |
          Lair |    212 |    212 |      0 |    102 |     25 |   2 |  106.0 |
               +--------+--------+--------+--------+--------+-----+--------+

Top non-repeatable levels by time:
     D:6: 2383 daAuts
     D:5: 1909 daAuts
     D:7: 1670 daAuts
     D:8: 1470 daAuts
     D:1: 1246 daAuts
     D:4: 1203 daAuts
     D:3: 1111 daAuts
     D:2: 1029 daAuts
  Lair:1: 198 daAuts
  Temple: 143 daAuts
     D:9: 33 daAuts
  Lair:2: 13 daAuts
